 Dungeon Crawl Stone Soup version 0.27.1-15-g792fb953b9 (webtiles) character file.

Game seed: 14232112102605269256

2 spaced the Firebug (level 1, -2/13 HPs)
             Began as a Demonspawn Fire Elementalist on Nov 19, 2021.
             Slain by a jackal (3 damage)
             ... on level 1 of the Dungeon.
             The game lasted 00:01:32 (210 turns).

spaced the Firebug (Demonspawn Fire Elementalist)    Turns: 210, Time: 00:01:33

Health: -2/13      AC:  2    Str:  8    XL:     1   Next: 33%
Magic:  0/3        EV: 12    Int: 16    God:
Gold:   19         SH:  0    Dex: 13    Spells: 3/4 levels left

rFire    . . .     SeeInvis .   (no weapon)
rCold    . . .     Faith    .   (no shield)
rNeg     . . .     Spirit   .   a - +0 robe
rPois    .         Reflect  .   (no helmet)
rElec    .         Harm     .   (no cloak)
rCorr    .         Rampage  .   (no gloves)
Will     .....                  (no boots)
Stlth    ++........             (no amulet)
HPRegen  0.04/turn              (no ring)
MPRegen  0.08/turn              (no ring)

@: no status effects
A: no striking features
a: no special abilities


You were on level 1 of the Dungeon.
You visited 1 branch of the dungeon, and saw 1 of its levels.

You collected 19 gold pieces.

Inventory:

Armour
 a - a +0 robe (worn)
Scrolls
 b - a scroll of summoning {unknown}


   Skills:
 + Level 1.7 Dodging
 + Level 1.9 Stealth
 + Level 2.0 Spellcasting
 + Level 1.0 Conjurations
 + Level 2.8 Fire Magic


You had 3 spell levels left.
You knew the following spells:

 Your Spells              Type           Power      Damage    Failure   Level
a - Foxfire               Conj/Fire      28%        2x1d5     10%         1

Your spell library contained the following spells:

 Spells                   Type           Power      Damage    Failure   Level
 Conjure Flame            Conj/Fire      7%         6-21      28%         3
 Inner Flame              Hex/Fire       6%         N/A       34%         3
 Sticky Flame             Conj/Fire      7%         2d3       67%         4
 Fireball                 Conj/Fire      3%         3d4       95%         5


Dungeon Overview and Level Annotations

Branches:
Dungeon (1/15)

Altars:

Shops:
D:1 :


Message History

The jackal is severely wounded.
The jackal misses you. The jackal barely misses you.
You hit the jackal but do no damage.
The jackal is severely wounded.
The jackal bites you.
The jackal bites you but does no damage.
The jackal bites you. x2
You hit the jackal but do no damage.
The jackal is severely wounded.
The jackal barely misses you. The jackal misses you.
Casting: Foxfire (safe; 10% risk of failure)
Confirm with . or Enter, or press ? or * to list all spells.
You don't have enough magic to cast this spell.
Found 4 gold pieces.
You barely miss the jackal.
The jackal is severely wounded.
The jackal bites you. x2
* * * LOW HITPOINT WARNING * * *
Casting: Foxfire (safe; 10% risk of failure)
Confirm with . or Enter, or press ? or * to list all spells.
You conjure some foxfire!
The jackal bites you but does no damage.
The jackal bites you but does no damage.
The jackal barely misses you.
The foxfire hits the jackal.
The jackal is almost dead.
Your foxfire dissipates!
The jackal misses you.
Found a dagger.
Casting: Foxfire (safe; 10% risk of failure)
Confirm with . or Enter, or press ? or * to list all spells.
You don't have enough magic to cast this spell.
Okay, then.
Casting: Foxfire (safe; 10% risk of failure)
Confirm with . or Enter, or press ? or * to list all spells.
You don't have enough magic to cast this spell.
A hobgoblin comes into view.
The hobgoblin shouts!
The jackal bites you.
You die...

.#.# ####+####.#
.#.# ####..
#.........# ...#
...... ........$#
.#.# ......
......†.# .#.#
......######.###.#
...#
.................#
####
..........##..####
..)....hh.##......#
.......@####.####.#
.........# .$.
..........##.#
.........g####
..........#
...........
............
.............


You could see 2 jackals and a hobgoblin.

Vanquished Creatures
  A jackal (D:1)
  2 rats (D:1)
3 creatures vanquished.

Vanquished Creatures (others)
  10 foxfires (D:1)
  A fungus (D:1)
11 creatures vanquished.

Grand Total: 14 creatures vanquished

Notes
Turn   | Place    | Note
-------+----------+-------------------------------------------
     0 | D:1      | spaced the Demonspawn Fire Elementalist began the quest for
                  | the Orb.
     0 | D:1      | Reached XP level 1. HP: 13/13 MP: 3/3
   134 | D:1      | Found Ninore's Book Shoppe.
   210 | D:1      | Slain by a jackal

Illustrated notes

Levels and vault maps discovered:
D:1:      onia_arrival_mini_maze, layout_basic, serial_shops, shop_statue,
          shop_fountains, shop_fountains, shop, shop, nrook_loot_triangle,
          minmay_worlds_worst_comb

Action                   || total
-------------------------++-------
Melee: Unarmed           ||    14
 Cast: Foxfire           ||     6
Armor: Robe              ||     6
Dodge: Dodged            ||    24
